 Dungeon Crawl Stone Soup version 0.26.1-2-gb8aa6d0cf2 (webtiles) character file.

Game seed: 10973526195543400332

49 Allula97 the Skirmisher (level 3, 0/29 HPs)
             Began as a Demonspawn Monk on Mar 2, 2021.
             Succumbed to an adder's poison
             ... on level 2 of the Dungeon.
             The game lasted 00:03:35 (1551 turns).

Allula97 the Skirmisher (Demonspawn Monk)           Turns: 1551, Time: 00:03:35

Health: 0/29       AC:  3    Str: 12    XL:     3   Next: 53%
Magic:  3/3        EV: 13    Int: 11    God:
Gold:   55         SH:  0    Dex: 15    Spells: 2/2 levels left

rFire    . . .     SeeInvis .     - Unarmed
rCold    . . .     Faith    .   (no shield)
rNeg     . . .     Spirit   .   e - +0 leather armour (curse)
rPois    .         Reflect  .   (helmet restricted)
rElec    .         Harm     .   (no cloak)
rCorr    .         Rampage  .   (no gloves)
Will     .....                  (no boots)
Stlth    ++........             (no amulet)
HPRegen  0.09/turn              (no ring)
MPRegen  0.08/turn              (no ring)

@: brilliant, lethally poisoned (0 -> -6), hasted, very quick
A: claws 1, horns 1, talons 1, wild magic 1
a: no special abilities


You were on level 2 of the Dungeon.
You visited 1 branch of the dungeon, and saw 2 of its levels.

You collected 55 gold pieces.

Inventory:

Hand Weapons
 a - a +0 hand axe
Armour
 b - a +0 robe
 e - a cursed +0 leather armour (worn)
Scrolls
 d - a scroll of enchant weapon {unknown}
 f - a scroll of identify {unknown}
 g - a scroll of teleportation {unknown}
 i - a scroll of amnesia {unknown}


   Skills:
 * Level 3.3 Fighting
 - Level 2.9 Axes
 * Level 0.9 Armour
 * Level 3.1 Dodging
 * Level 2.1 Stealth
 * Level 1.0 Unarmed Combat


You had 2 spell levels left.
You didn't know any spells.
Your spell library was empty.

Dungeon Overview and Level Annotations

Branches:
Dungeon (2/15)

Altars:
Gozag

Shops:
D:2 *


Innate Abilities, Weirdness & Mutations

You have sharp fingernails.
You have a pair of small horns on your head.
You have sharp toenails.
Your spells are a little harder to cast, but a little more powerful.


Message History

The adder closely misses you.
You scratch the adder. Your kick misses the adder.
The adder is heavily wounded.
* * * LOW HITPOINT WARNING * * *
You feel sick.
You closely miss the adder. Your kick misses the adder.
Your headbutt misses the adder.
The adder is heavily wounded.
The adder closely misses you.
You barely miss the adder. You claw the adder.
The adder is almost dead.
The adder misses you.
You scratch the adder.
You kill the adder!
* * * LOW HITPOINT WARNING * * *
You feel sick.
You scratch the kobold.
You kill the kobold!
Your Unarmed Combat skill increases to level 1!
You die...

.....≈..∩..≈...#
.#...≈.⌠.⌠.≈.!.#
....)≈.....≈...#.# #
.##.#≈≈...≈≈...#.###.
##..≈._.≈.##.#.##.#
#.#.###..≈...≈.##.#.##..
.........≈≈)≈≈.# .......
####.#........# #.##.#
#.#@###(#######.....
#.........)†<.......
###.###†##########.# #.#
#.# #.# #.# #.# #.# #.#
#.# #.. #.# #.# ### #.#
#.# #.# #..


There were no monsters in sight!

Vanquished Creatures
  An adder (D:2)
  A worm (D:2)
  A leopard gecko (D:1)
  3 giant cockroaches
  4 goblins
  6 hobgoblins
  3 jackals (D:2)
  2 bats (D:1)
  A frilled lizard (D:1)
  7 kobolds
  2 rats (D:1)
31 creatures vanquished.

Notes
Turn   | Place    | Note
-------+----------+-------------------------------------------
     0 | D:1      | Allula97 the Demonspawn Monk began the quest for the Orb.
     0 | D:1      | Reached XP level 1. HP: 18/18 MP: 1/1
     6 | D:1      | Noticed a black bear
     6 | D:1      | Noticed a lindwurm
     6 | D:1      | Noticed an anaconda
     7 | D:1      | Noticed a snapping turtle
     7 | D:1      | Noticed a wyvern
   304 | D:1      | Gained mutation: You have a pair of small horns on your
                  | head. [demonic ancestry]
   304 | D:1      | Reached XP level 2. HP: 13/24 MP: 2/2
  1432 | D:2      | Noticed an ogre
  1464 | D:2      | Gained mutation: You have sharp fingernails. [demonic
                  | ancestry]
  1464 | D:2      | Reached XP level 3. HP: 25/29 MP: 3/3
  1480 | D:2      | Found an opulent altar of Gozag.
  1483 | D:2      | Found Gozag's Platinum Reserve.
  1541 | D:2      | Gained mutation: You are strong-willed. (Will+) [potion of
                  | mutation]
  1541 | D:2      | Gained mutation: You are agile. (Dex +2) [potion of
                  | mutation]
  1541 | D:2      | Gained mutation: Your flesh is heat resistant. (rF+)
                  | [potion of mutation]
  1544 | D:2      | Lost mutation: Your flesh is heat resistant. (rF+) [potion
                  | of mutation]
  1544 | D:2      | Lost mutation: You are agile. (Dex +2) [potion of mutation]
  1544 | D:2      | Lost mutation: You are strong-willed. (Will+) [potion of
                  | mutation]
  1544 | D:2      | Gained mutation: Your spells are a little harder to cast,
                  | but a little more powerful. [potion of mutation]
  1544 | D:2      | Gained mutation: You have sharp toenails. [potion of
                  | mutation]
  1546 | D:2      | HP: 1/29 [poisoned by an adder]
  1551 | D:2      | Reached skill level 1 in Unarmed Combat
  1551 | D:2      | Succumbed to an adder's poison

Illustrated notes

Levels and vault maps discovered:
D:1:      onia_arrival_zoo_common, layout_basic, chequers_serial_rivers_small_b
D:2:      layout_loops_ring, nicolae_gozag_zags_fifth_avenue

Skill      XL: |  1  2  3 |
---------------+----------+-----
Dodging        | 3 |  3.1
Stealth        | 2 |  2.1
Unarmed Combat | 1 |  1.0
Fighting       | |  3.3
Axes           | |  2.9
Armour         | |  0.9

Action                   || total
-------------------------++-------
Melee: Hand axe          ||    30
       Unarmed           ||   116
       Headbutt          ||    29
       Kick              ||     1
  Use: Potion            ||     4
Armor: Robe              ||     3
       Leather armour    ||    28
Dodge: Dodged            ||   122
